 Dungeon Crawl Stone Soup version 0.27-a0-695-gb4952372f7 (webtiles) character file.

Game seed: 16384236055617824924

3389 Anon1729 the Covert (level 10, -5/60 HPs)
             Began as a Kobold Brigand on Mar 21, 2021.
             Was a Follower of Wu Jian.
             Slain by a two-headed ogre
             ... wielding a +0 giant spiked club
              (24 damage)
             ... on level 9 of the Dungeon.
             The game lasted 00:15:09 (10988 turns).

Anon1729 the Covert (Kobold Brigand)               Turns: 10988, Time: 00:15:10

Health: -5/60      AC:  9    Str:  9    XL:     10   Next: 24%
Magic:  10/10      EV: 17    Int: 12    God:    Wu Jian [*.....]
Gold:   365        SH:  0    Dex: 20    Spells: 9/9 levels left

rFire    . . .     SeeInvis .   a - +3 dagger
rCold    . . .     Faith    .   (shield restricted)
rNeg     . . .     Spirit   .   j - +1 leather armour {Will+}
rPois    .         Reflect  .   o - +1 helmet
rElec    .         Harm     .   g - +1 cloak
rCorr    .         Rampage  .   v - +0 pair of gloves
Will     +....                  (no boots)
Stlth    ++++++....             p - amulet of the acrobat
HPRegen  0.20/turn              (no ring)
MPRegen  0.12/turn              (no ring)

@: no status effects
A: small, no large weapons, nightstalker 3
a: Renounce Religion


You were on level 9 of the Dungeon.
You worshipped Wu Jian.
Wu Jian was aware of your devotion.
You visited 2 branches of the dungeon, and saw 8 of its levels.
You also visited: Sewer.

You collected 365 gold pieces.

Inventory:

Hand Weapons
 a - a +3 dagger (weapon)
 b - a +1 short sword of electrocution
 J - a +2 dagger
Missiles
 c - 166 stones
 d - 30 poisoned darts (quivered)
 e - 2 curare-tipped darts
 r - 63 sling bullets
Armour
 g - a +1 cloak (worn)
 j - a +1 leather armour of willpower (worn)
 o - a +1 helmet (worn)
 v - a +0 pair of gloves (worn)
 z - a +0 robe
 H - a +1 leather armour of poison resistance
Jewellery
 p - an amulet of the acrobat (around neck)
Wands
 u - a wand of charming (1)
 I - a wand of paralysis (4)
Scrolls
 h - 2 scrolls of magic mapping {unknown}
 i - 2 scrolls of teleportation {unknown}
 k - 2 scrolls of immolation {unknown}
 m - 8 scrolls of identify {unknown}
 q - 2 scrolls of blinking {unknown}
 s - a scroll of vulnerability {unknown}
 t - 2 scrolls of enchant armour {unknown}
 y - a scroll of enchant weapon {unknown}
 C - a scroll of summoning {unknown}
 D - 3 scrolls of amnesia {unknown}
 E - a scroll of acquirement {unknown}
 F - 3 scrolls of fear {unknown}
 L - a scroll of silence {unknown}
Potions
 f - 3 potions of haste {unknown}
 l - a potion of resistance {unknown}
 n - 3 potions of flight {unknown}
 w - 4 potions of curing
 x - a potion of might {unknown}
 A - 2 potions of brilliance {unknown}
 B - 3 potions of lignification {unknown}
 G - a potion of mutation {unknown}
 K - a potion of magic {unknown}


   Skills:
 + Level 5.7 Fighting
 * Level 9.5 Short Blades
 + Level 5.5 Throwing
 + Level 6.0 Dodging
 * Level 11.1 Stealth
 + Level 5.6 Evocations


You had 9 spell levels left.
You didn't know any spells.
Your spell library contained the following spells:

 Spells                   Type           Power      Damage    Failure   Level
 Magic Dart               Conj           0%         1d3       43%         1
 Summon Small Mammal      Summ           0%         N/A       43%         1
 Blink                    Tloc           N/A        N/A       56%         2
 Call Imp                 Summ           0%         N/A       56%         2
 Slow                     Hex            0%         N/A       56%         2
 Call Canine Familiar     Summ           0%         N/A       80%         3
 Conjure Flame            Conj/Fire      0%         6-21      80%         3
 Mephitic Cloud           Conj/Pois/Air  0%         N/A       80%         3
 Summon Guardian Golem    Hex/Summ       0%         N/A       80%         3
 Summon Ice Beast         Ice/Summ       0%         N/A       99%         4
 Summon Lightning Spire   Summ/Air       0%         N/A       99%         4


Dungeon Overview and Level Annotations

Branches:
Dungeon (6/15)             Temple (1/1) D:5           Sewer (visited)

Altars:
Ashenzari
Cheibriados
Dithmenos
Elyvilon
Fedhas
Gozag
Hepliaklqana
Kikubaaqudgha
Makhleb
Nemelex Xobeh
Okawaru
Qazlal
Ru
Sif Muna
Trog
Uskayaw
Vehumet
Wu Jian
Xom
Yredelemnul
Zin
The Shining One

Shops:
D:1 [

Annotations:
D:3 Grinder


Innate Abilities, Weirdness & Mutations

You are small and have problems with some larger weapons.
You are completely attuned to the shadows.


Message History

The phantom is heavily damaged.
The phantom hits you!
The phantom blinks!
You blink.
You hit the phantom.
The phantom is heavily damaged.
You hit the phantom but do no damage.
The phantom is heavily damaged.
The phantom misses you.
You hit the phantom.
The phantom is severely damaged.
You completely miss the phantom.
The phantom is severely damaged.
The phantom hits you.
The phantom blinks!
You blink.
You hit the phantom.
The phantom is severely damaged.
You hit the phantom but do no damage.
The phantom is severely damaged.
The phantom closely misses you.
You closely miss the phantom.
The phantom is severely damaged.
A two-headed ogre comes into view.
It is wielding a +0 giant spiked club and a +0 giant club.
You miss the phantom.
The phantom is severely damaged.
The phantom hits you but does no damage.
The two-headed ogre shouts in stereo!
You hit the phantom.
You destroy the phantom!
The Council accepts your kill.
You hit the two-headed ogre.
The two-headed ogre is lightly wounded.
You hit the two-headed ogre but do no damage.
The two-headed ogre is lightly wounded.
The two-headed ogre misses you.
The two-headed ogre hits you with a +0 giant club!
You hit the two-headed ogre.
The two-headed ogre is lightly wounded.
You barely miss the two-headed ogre.
The two-headed ogre is lightly wounded.
The two-headed ogre hits you with a +0 giant spiked club!!
The two-headed ogre hits you with a +0 giant club!!
You die...

#################################
.............................[...
.........########...........)....
#######..########O........#######
................@................
.......[.........................
....#######...........#########..
###.# #...........# #..
....#######...........# ##<.
.................ยง..... ....
###...................... ....
#.#######......................
#.# #......................


You could see a two-headed ogre.

Vanquished Creatures
  A troll (D:9)
  An orc warrior (D:9)
  3 sky beasts
  4 ogres
  An ice beast (D:5)
  2 centaurs
  6 phantoms
  A kobold brigand (Sewer)
  3 bullfrogs
  A scorpion (D:4)
  10 wights
  3 howler monkeys
  2 hounds
  Crazy Yiuf (D:3)
  An orc priest (D:4)
  2 bullfrog skeletons
  2 iguanas
  7 orc wizards
  4 worker ants
  A hound skeleton (D:6)
  5 gnolls
  A howler monkey skeleton (D:4)
  6 river rats
  11 adders
  An ufetubus (D:2)
  4 worms
  A dart slug (D:1)
  2 leopard geckos
  21 orcs
  5 bats
  2 giant cockroaches (D:3)
  8 goblins
  5 hobgoblins
  16 jackals
  22 kobolds
  5 quokkas
  8 ball pythons
  A ball python skeleton (D:6)
  6 frilled lizards
  A giant cockroach zombie (D:5)
  2 leopard gecko skeletons
  16 rats
205 creatures vanquished.

Vanquished Creatures (collateral kills)
  2 gnolls (D:4)
  5 river rats (Sewer)
  An orc (D:4)
  6 rats (Sewer)
14 creatures vanquished.

Vanquished Creatures (others)
  A gnoll shaman (D:4)
  19 plants
20 creatures vanquished.

Grand Total: 239 creatures vanquished

Notes
Turn   | Place    | Note
-------+----------+-------------------------------------------
     0 | D:1      | Anon1729 the Kobold Brigand began the quest for the Orb.
     0 | D:1      | Reached XP level 1. HP: 12/12 MP: 1/1
   264 | D:1      | Reached XP level 2. HP: 17/17 MP: 2/2
   449 | D:1      | Found Atucuneo's Antique Armour Shop.
   550 | D:1      | Reached XP level 3. HP: 22/22 MP: 3/3
  1206 | D:2      | Reached skill level 1 in Evocations
  1213 | D:2      | Noticed an ogre
  1218 | D:2      | Killed an ogre
  1219 | D:2      | Reached skill level 6 in Stealth
  1219 | D:2      | Reached XP level 4. HP: 27/27 MP: 4/4
  1219 | D:2      | Reached XP level 5. HP: 32/32 MP: 5/5
  1478 | D:2      | Noticed a bullfrog
  1482 | D:2      | Killed a bullfrog
  1483 | D:2      | Reached XP level 6. HP: 37/37 MP: 6/6
  1765 | D:2      | Found a glowing golden altar of the Shining One.
  1768 | D:2      | Noticed an angel
  1779 | D:2      | Found a basalt altar of Yredelemnul.
  1782 | D:2      | Noticed a profane servitor
  1868 | D:3      | Reached skill level 7 in Stealth
  2147 | D:3      | Found a runed translucent door.
  2150 | D:3      | Noticed Crazy Yiuf
  2155 | D:3      | Killed Crazy Yiuf
  2156 | D:3      | Reached skill level 5 in Short Blades
  2249 | D:3      | Reached XP level 7. HP: 41/41 MP: 7/7
  2460 | D:3      | Found a glowing drain.
  2466 | Sewer    | Entered a sewer
  4039 | D:3      | Noticed Grinder
  4308 | D:4      | Reached skill level 8 in Stealth
  4418 | D:4      | Reached XP level 8. HP: 43/48 MP: 8/8
  5478 | D:4      | Noticed an air elemental
  5479 | D:4      | Found a stormy altar of Qazlal.
  5482 | D:4      | Noticed a water elemental
  5482 | D:4      | Noticed a fire elemental
  5977 | D:5      | Entered Level 5 of the Dungeon
  6149 | D:5      | Found a sacrificial altar of Ru.
  6217 | D:5      | Reached skill level 9 in Stealth
  6299 | D:5      | Reached XP level 9. HP: 52/52 MP: 9/9
  6573 | D:5      | Found a staircase to the Ecumenical Temple.
  6605 | Temple   | Entered the Ecumenical Temple
  6713 | Temple   | Became a worshipper of the Wu Jian Council
  7179 | D:5      | Found a bloodstained altar of Trog.
  8198 | D:6      | Reached skill level 5 in Dodging
  8550 | D:6      | Reached skill level 5 in Fighting
  8599 | D:6      | Reached skill level 10 in Stealth
  8887 | D:6      | Reached skill level 5 in Throwing
  9190 | D:6      | You fall into a shaft and drop 3 floors!
  9346 | D:9      | Reached skill level 5 in Evocations
  9479 | D:9      | Noticed a troll
  9482 | D:9      | Killed a troll
  9516 | D:9      | Reached XP level 10. HP: 59/59 MP: 10/10
  9516 | D:9      | Found a radiant altar of Vehumet.
  9517 | D:9      | Found an ancient bone altar of Kikubaaqudgha.
  9972 | D:9      | Reached * piety under Wu Jian
 10140 | D:9      | Found a stormy altar of Qazlal.
 10146 | D:9      | Found a bloodstained altar of Trog.
 10146 | D:9      | Found an opulent altar of Gozag.
 10147 | D:9      | Found a snail-covered altar of Cheibriados.
 10206 | D:9      | Reached skill level 11 in Stealth
 10280 | D:9      | Noticed a two-headed ogre
 10982 | D:9      | Noticed a two-headed ogre
 10988 | D:9      | Slain by a two-headed ogre

Illustrated notes

Levels and vault maps discovered:
D:1:      psy_arrival_heroes, layout_loops_ring, serial_shops, shop,
          dk_noncrumbling_4
D:2:      layout_rooms, grunt_temple_overflow_holy_war
D:3:      layout_loops_ring, portal_sewer_entry_a, dk_noncrumbling_2,
          serial_bayou_pond_a, chequers_avenue, uniq_crazy_yiuf_cottage,
          uniq_grinder
D:4:      layout_basic, nicolae_qazlal_style_of_elements
D:5:      layout_basic, old_standard_altar, minmay_temple_entry_antechambers,
          trog_three_pillars_becter
D:6:      wad_woods_tower, layout_layer_cave
D:9:      layout_long_grid, chequers_temple_overflow_statue_of_worship,
          grunt_temple_overflow_open
Temple:   oiseaux_autumnal_temple

Skill      XL: |  1  2  3  4  5  6  7  8  9 10 |
---------------+-------------------------------+-----
Short Blades   | 3 4 5 7 9 |  9.5
Evocations     | 1 2 3 4 5 |  5.6
Dodging        | 2 3 4 5 6 |  6.0
Stealth        | 6 7 8 9 10 11 | 11.1
Fighting       | 3 4 5 |  5.7
Throwing       | 3 4 5 |  5.5

Action                   |  1- 3 |  4- 6 |  7- 9 | 10-12 || total
-------------------------+-------+-------+-------+-------++-------
Melee: Dagger            |    71 |    68 |   233 |   166 ||   538
       Short sword       |       |       |   331 |       ||   331
Throw: Dart              |       |       |     6 |     6 ||    12
Invok: Lunge             |       |       |    15 |     9 ||    24
       Whirlwind         |       |       |       |     6 ||     6
Evoke: Wand              |       |       |     8 |     2 ||    10
  Use: Potion            |       |       |     5 |       ||     5
 Stab: Sleeping          |    16 |    17 |    43 |     4 ||    80
       Distracted        |       |       |     1 |       ||     1
       Paralysed         |       |       |       |     1 ||     1
Armor: Robe              |     8 |       |       |       ||     8
       Leather armour    |    16 |    14 |    93 |    13 ||   136
Dodge: Dodged            |    53 |    33 |   402 |    62 ||   550

Table legend: (Time is in decaauts)
 A = Elapsed time spent in this place.
 B = Non-inter-level travel time spent in this place.
 C = Inter-level travel time spent in this place.
 D = Time resting spent in this place.
 E = Time spent auto-exploring this place.
 F = Levels seen in this place.
 G = Mean time per level.
                   A        B        C        D        E       F      G
               +--------+--------+--------+--------+--------+-----+--------+
         Total |  10790 |  10536 |    254 |   1809 |   7030 |   9 | 1198.9 |
       Dungeon |   9036 |   8812 |    224 |   1327 |   6143 |   7 | 1290.9 |
        Temple |    388 |    359 |     29 |      0 |    351 |   1 |  388.0 |
         Sewer |   1365 |   1365 |      0 |    482 |    535 |   1 | 1365.0 |
               +--------+--------+--------+--------+--------+-----+--------+

Top non-repeatable levels by time:
     D:9: 1712 daAuts
     D:5: 1521 daAuts
     D:4: 1511 daAuts
   Sewer: 1365 daAuts
     D:6: 1274 daAuts
     D:3: 1212 daAuts
     D:1: 1057 daAuts
     D:2: 745 daAuts
  Temple: 388 daAuts
